 Dungeon Crawl Stone Soup version 0.28-a0-863-g8cecda6153 (webtiles) character file.

Game seed: 623642503374386601

535953 Crownlay the Hoplite (level 25, -10/168 HPs)
             Began as a Gargoyle Earth Elementalist on Nov 15, 2021.
             Was the Champion of Vehumet.
             Killed from afar by a fire giant (11 damage)
             ... with a fireball
             ... on level 3 of the Depths on Nov 16, 2021.
             The game lasted 04:09:43 (67871 turns).

Crownlay the Hoplite (Gargoyle Earth Elementalist) Turns: 67871, Time: 04:09:44

Health: -10/168    AC: 29    Str: 17    XL:     25   Next: 81%
Magic:  6/75       EV: 12    Int: 35    God:    Vehumet [******]
Gold:   5589       SH: 32    Dex: 18    Spells: 24/64 levels left

rFire   + . .      SeeInvis +   Z - +4 morningstar "Perr" {venom, MP+9 SInv}
rCold   . . .      Faith    .   q - +2 tower shield of Nasoe {MP+9 Dex+8}
rNeg    + + +      Spirit   .   b - +2 robe {Archmagi}
rPois   ∞          Reflect  +   S - +3 hat of Pondering {ponderous, Will+ MP+10 Int+5}
rElec   +          Harm     .   s - scarf {repulsion}
rCorr   +          Rampage  .   e - +2 pair of gloves {archery}
Will    +++++      Archmagi +   (no boots)
Stlth   ++........              r - amulet of Guasyfap {Reflect rF+ rN+ Str+4 SH+5}
HPRegen 0.38/turn               Y - ring of Nysicw {Drain rN+ Will+++ rCorr Int+3}
MPRegen 0.44/turn               d - ring of wizardry

@: flying, studying 2 skills, repel missiles, slow
A: sickness immunity, AC +19, big wings, negative energy resistance 1,
electricity resistance, torment resistance 1, petrification resistance
}: 3/15 runes: barnacled, silver, gossamer
a: Renounce Religion


You were on level 3 of the Depths.
You worshipped Vehumet.
Vehumet was exalted by your worship.
You visited 9 branches of the dungeon, and saw 43 of its levels.
You also visited: Sewer and Desolation.

You collected 7594 gold pieces.
You spent 2005 gold pieces at shops.

Inventory:

Hand Weapons
 T - the +5 morningstar "Qineot" {venom, rN+ Int+2 Dex+2}
   (You found it on level 11 of the Dungeon)

   It poisons the flesh of those it strikes.
   Int:       It affects your intelligence (+2).
   Dex:       It affects your dexterity (+2).
   rN:        It protects you from negative energy.
 Z - the +4 morningstar "Perr" (weapon) {venom, MP+9 SInv}
   (You found it in the Desolation of Salt)

   It poisons the flesh of those it strikes.
   MP:        It affects your magic capacity (+9).
   SInv:      It lets you see invisible.
Missiles
 V - 14 throwing nets
 W - 911 stones
Armour
 b - a +2 robe of the Archmagi (worn)
 e - a +2 pair of gloves of archery (worn)
 g - the +10 shadow dragon scales of the Hall of Blades {Slay+2 Stlth++++}
   (You found it in the Desolation of Salt)

   Slay:      It affects your accuracy & damage with ranged weapons and melee
   (+2).
   Stlth:     It makes you much more stealthy.
 q - the +2 tower shield of Nasoe (worn) {MP+9 Dex+8}
   (You acquired it on level 4 of the Lair of Beasts)

   Dex:       It affects your dexterity (+8).
   MP:        It affects your magic capacity (+9).
 s - a scarf of repulsion (worn)
 I - a +2 robe of resistance
 M - the +0 robe of Feral Intercession {rElec rF++ rCorr Dex-4}
   (You took it off a deep elf demonologist on level 3 of the Vaults)

   Dex:       It affects your dexterity (-4).
   rF:        It greatly protects you from fire.
   rElec:     It insulates you from electricity.
   rCorr:     It protects you from acid and corrosion.
 S - the +3 hat of Pondering (worn) {ponderous, Will+ MP+10 Int+5}
   (You bought it in a shop on level 13 of the Dungeon)

   Int:       It affects your intelligence (+5).
   MP:        It affects your magic capacity (+10).
   Will:      It increases your willpower.
Magical Staves
 k - a staff of conjuration
 o - a staff of air
Jewellery
 d - a ring of wizardry (right hand)
 r - the amulet of Guasyfap (around neck) {Reflect rF+ rN+ Str+4 SH+5}
   (You found it in the Desolation of Salt)

   [amulet of reflection]

   It reflects blocked missile attacks.
   Str:       It affects your strength (+4).
   rF:        It protects you from fire.
   rN:        It protects you from negative energy.
   SH:        It affects your SH (+5).
 z - a ring of fire
 J - the amulet of Vaurat {Acrobat +Blink rElec rC+ Will+}
   (You acquired it on level 4 of the Lair of Beasts)

   [amulet of the acrobat]

   It increases your evasion while moving and waiting.
   rC:        It protects you from cold.
   rElec:     It insulates you from electricity.
   +Blink:    It lets you blink.
   Will:      It increases your willpower.
 O - a +4 ring of evasion
 X - the amulet of the Air {Inacc Air Fly rElec RMsl}
   (You took it off an imperial myrmidon in the Desolation of Salt)

   [amulet of nothing]

   It reduces the accuracy of all your attacks.
   It enhances your air magic.
   rElec:     It insulates you from electricity.
   Fly:       It grants you flight.
   RMsl:      It protects you from missiles.
 Y - the ring of Nysicw (left hand) {Drain rN+ Will+++ rCorr Int+3}
   (You took it off an imperial myrmidon in the Desolation of Salt)

   [ring of positive energy]

   Int:       It affects your intelligence (+3).
   rN:        It protects you from negative energy.
   rCorr:     It protects you from acid and corrosion.
   Drain:     It drains your maximum health when unequipped.
   Will:      It greatly increases your willpower.
Wands
 a - a wand of acid (29)
 c - a wand of polymorph (24)
 y - a wand of digging (5)
 B - a wand of flame (90)
 C - a wand of charming (21)
 H - a wand of mindburst (27)
 L - a wand of iceblast (37)
 P - a wand of paralysis (33)
Scrolls
 f - 7 scrolls of teleportation
 h - 3 scrolls of summoning
 l - 3 scrolls of holy word
 t - 9 scrolls of fog
 u - 8 scrolls of enchant armour
 v - 8 scrolls of amnesia
 w - 5 scrolls of magic mapping
 A - 2 scrolls of fear
 N - a scroll of acquirement
Potions
 i - 5 potions of brilliance
 j - 21 potions of curing
 m - 8 potions of ambrosia
 p - 3 potions of cancellation
 x - 5 potions of invisibility
 D - 12 potions of haste
 E - 6 potions of magic
 F - 7 potions of mutation
 G - a potion of heal wounds
 K - 3 potions of resistance
 U - 9 potions of lignification
Miscellaneous
 Q - a condenser vane


   Skills:
 - Level 20.0 Fighting
 - Level 1.5 Dodging
 - Level 2.1 Stealth
 - Level 25.0 Shields
 - Level 20.0 Spellcasting
 - Level 14.0 Conjurations
 - Level 10.0 Summonings
 - Level 0.7 Transmutations
 + Level 24.6 Earth Magic
 - Level 3.3 Evocations


You had 24 spell levels left.
You knew the following spells:

 Your Spells              Type           Power      Damage    Failure   Level
a - Sandblast             Erth           100%       2d20      0%          1
b - Stone Arrow           Conj/Erth      100%       3d13      0%          3
c - Lee's Rapid Deconstr  Erth           71%        3d33*     0%          5
d - Spellforged Servitor  Conj/Summ      54%        N/A       1%          7
e - Orb of Destruction    Conj           57%        9d17      1%          7
f - Lehudib's Crystal Sp  Conj/Erth      65%        10d15     1%          8
g - Shatter               Erth           71%        3d52*     1%          9

Your spell library contained the following spells:

 Spells                   Type           Power      Damage    Failure   Level
 Chain Lightning          Conj/Air       45%        3d60      97%         9
 Polar Vortex             Ice            25%        N/A       100%        9
 Magic Dart               Conj           100%       1d8       0%          1
 Summon Small Mammal      Summ           100%       N/A       0%          1
 Call Imp                 Summ           100%       N/A       0%          2
 Passwall                 Tmut/Erth      92%        N/A       0%          2
 Searing Ray              Conj           100%       2d8       0%          2
 Animate Armour           Summ/Erth      100%       N/A       0%          4
 Animate Skeleton         Necr           100%       N/A       1%          1
 Foxfire                  Conj/Fire      100%       2x1d9     1%          1
 Pain                     Necr           100%       1d9       1%          1
 Sting                    Tmut/Pois      100%       1d8       1%          1
 Blink                    Tloc           100%       N/A       1%          2
 Wereblood                Tmut           56%        N/A       1%          2
 Call Canine Familiar     Summ           100%       N/A       1%          3
 Conjure Flame            Conj/Fire      90%        6-21      1%          3
 Dazzling Flash           Conj/Hex       100%       N/A       1%          3
 Frozen Ramparts          Ice            100%       1d12      1%          3
 Gell's Gravitas          Tloc           51%        N/A       1%          3
 Ignite Poison            Fire/Tmut/Pois 53%        N/A       1%          3
 Inner Flame              Hex/Fire       51%        N/A       1%          3
 Lesser Beckoning         Tloc           51%        N/A       1%          3
 Mephitic Cloud           Conj/Pois/Air  79%        N/A       1%          3
 Ozocubu's Armour         Ice            51%        N/A       1%          3
 Spider Form              Tmut/Pois      54%        N/A       1%          3
 Summon Guardian Golem    Hex/Summ       81%        N/A       1%          3
 Teleport Other           Tloc           51%        N/A       1%          3
 Tukima's Dance           Hex            51%        N/A       1%          3
 Vampiric Draining        Necr           51%        2d9       1%          3
 Flame Wave               Conj/Fire      90%        3d15      1%          4
 Fulminant Prism          Conj/Hex       45%        3d21      1%          4
 Iskenderun's Mystic Bla  Conj/Tloc      90%        2d18      1%          4
 Leda's Liquefaction      Hex/Erth       55%        N/A       1%          4
 Petrify                  Tmut/Erth      100%       N/A       1%          4
 Sticky Flame             Conj/Fire      90%        2d10      1%          4
 Summon Ice Beast         Ice/Summ       81%        N/A       1%          4
 Summon Lightning Spire   Summ/Air       81%        N/A       1%          4
 Borgnjor's Vile Clutch   Necr/Erth      55%        N/A       1%          5
 Fireball                 Conj/Fire      45%        3d18      1%          5
 Iskenderun's Battlesphe  Conj           100%       2d15      1%          5
 Summon Forest            Summ/Tloc      40%        N/A       1%          5
 Summon Mana Viper        Hex/Summ       81%        N/A       1%          5
 Iron Shot                Conj/Erth      65%        9d12      1%          6
 Starburst                Conj/Fire      45%        6d13      1%          6
 Summon Cactus Giant      Summ           51%        N/A       1%          6
 Yara's Violent Unravell  Hex/Tmut       27%        3d12      2%          5
 Ice Form                 Ice/Tmut       54%        N/A       3%          4
 Passage of Golubria      Tloc           51%        N/A       3%          4
 Monstrous Menagerie      Summ           51%        N/A       4%          7
 Summon Hydra             Summ           51%        N/A       4%          7
 Blade Hands              Tmut           28%        N/A       8%          5
 Alistair's Intoxication  Tmut/Pois      36%        N/A       9%          5
 Agony                    Necr           51%        N/A       10%         5
 Manifold Assault         Tloc           51%        N/A       10%         5
 Metabolic Englaciation   Hex/Ice        25%        N/A       10%         5
 Silence                  Hex/Air        25%        N/A       10%         5
 Eringya's Noxious Bog    Tmut/Pois      27%        N/A       13%         6
 Malign Gateway           Summ/Tloc      40%        N/A       34%         7
 Dispersal                Tloc           25%        N/A       45%         6
 Simulacrum               Ice/Necr       25%        N/A       45%         6
 Ozocubu's Refrigeration  Ice            25%        4d10      54%         7
 Storm Form               Tmut/Air       27%        N/A       92%         7
 Ignition                 Fire           25%        3d9       98%         8
 Maxwell's Capacitive Co  Air            25%        ∞         98%         8
 Sublimation of Blood     Necr           Unusable   N/A       N/A         2
 Statue Form              Tmut/Erth      Unusable   N/A       N/A         6

Dungeon Overview and Level Annotations

Branches:
Dungeon (15/15)            Temple (1/1) D:5            Lair (6/6) D:11
 Shoals (4/4) Lair:4       Spider (4/4) Lair:2        Slime (0/5) Lair:5
    Orc (2/2) D:9             Elf (3/3) Orc:2        Vaults (5/5) D:14
  Crypt (0/3) Vaults:3     Depths (3/4) D:15          Sewer (visited)
Desolation (visited)

Altars:
Ashenzari
Cheibriados
Dithmenos
Elyvilon
Fedhas
Gozag
Hepliaklqana
Kikubaaqudgha
Makhleb
Nemelex Xobeh
Okawaru
Qazlal
Ru
Sif Muna
Trog
Uskayaw
Vehumet
Wu Jian
Xom
Yredelemnul
Zin
The Shining One
Beogh
Jiyva
Lugonu

Shops:
D:1 =*:[   D:2 :[:*   D:3 ****[   D:9 *   D:13 [   D:15 *   Orc:2 *(*(
Elf:2 (=::   Elf:3 *((   Shoals:2 **   Vaults:1 (   Vaults:4 ?

Portals:
Hell: Depths:1 Depths:2
Abyss: Lair:6 Depths:1
Pandemonium: Depths:2
Trove: Vaults:2 (give 7 scrolls of blinking)


Innate Abilities, Weirdness & Mutations

You are immune to sickness and miasma.
Your stone body is resilient. (AC +19)
You are immune to poison.
Your large and strong wings let you fly.
You resist negative energy. (rN+)
You are resistant to electric shocks. (rElec)
You are resistant to unholy torment.
You are immune to petrification.


Message History

The tengu reaver points at you and mumbles some strange words.
The bolt of negative energy misses you.
A merfolk javelineer comes into view. It is wielding a +0 spear.
Blink to where?
Press: ? - help, Dir - move target A storm dragon, a golden dragon, a merfolk impaler and a merfolk javelineer come into view.
The merfolk javelineer is wielding a +3 vorpal spear.
As you read the scroll of blinking, it crumbles to dust.
The merfolk javelineer shouts!
The storm dragon roars deafeningly!
The golden dragon roars deafeningly!
The merfolk impaler shouts!
You hear a deafening roar! x2
The storm dragon breathes lightning at you.
The bolt of lightning hits you! You resist.
* * * LOW HITPOINT WARNING * * *
The merfolk javelineer throws a javelin.
The javelin pierces through you but does no damage.
You hear a shout! x4
Okay, then.
Okay, then.
You feel much better.
The merfolk javelineer throws a javelin.
The javelin pierces through you!
* * * LOW HITPOINT WARNING * * *
A storm dragon comes into view.
Blink to where?
Press: ? - help, Dir - move target A storm dragon, a quicksilver dragon, a spriggan air mage and 3 giants come into view.
The spriggan air mage is wielding the +3 lajatang "Sujiub" {drain, rF+ Int+4 Dex-5}.
The fire giant is wielding a +2 great sword of flaming.
Found 26 stones, 24 gold pieces and a wand of flame (17).
As you read the scroll of blinking, it crumbles to dust.
The spriggan air mage shouts!
The storm dragon roars deafeningly!
The quicksilver dragon roars deafeningly!
You hear an angry buzzing noise.
You hear a shout! x3
You hear an angry buzzing noise.
You hear a shout! x2
The quicksilver dragon breathes dispelling energy at you.
The bolt of dispelling energy hits you!!
* * * LOW HITPOINT WARNING * * *
The fire giant points at you and mumbles some strange words.
The fireball explodes!
The fireball engulfs you! You resist.
You die...

#≈ ≈≈♣≈ #≈≈≈ #P
#≈≈≈#≈♣≈≈# ≈≈≈ ##
#≈m♣≈♣D≈≈# #≈C #
##≈m≈#≈≈≈≈# ≈≈# D
#
#⌠≈≈♣≈♣≈8###≈≈#♣≈≈
#
#§≈≈≈≈≈D≈''≈DC≈≈i.
#8§≈D⌠≈≈≈''≈≈≈≈≈≈.
#§≈≈≈≈≈≈≈'@≈≈≈≈≈≈.
#§≈§♣≈♣≈8###≈≈#♣≈≈
# ##≈≈≈#≈≈≈ ≈# #
#≈≈♣m♣≈ # ≈# #
#≈Q≈#D♣ ≈# C≈ #
#≈≈≈♣≈#≈≈ ≈$ #P
##≈≈≈♣≈♣ # / #≈
#≈≈≈≈#D≈PP #≈≈
#≈§≈≈≈≈# #P≈#


You could see a juggernaut, a titan, a golden dragon, 3 storm dragons, a fire
giant, a quicksilver dragon, a tengu reaver, a merfolk impaler, 2 merfolk
javelineers and a spriggan air mage (repels missiles).

Vanquished Creatures
  A dread lich (Vaults:5)
  An ancient lich (Vaults:5)
  Boris (twice) (Vaults:4 Depths:3)
  Bai Suzhen (Vaults:5)
  Xtahua (Vaults:5)
  Saint Roka (Vaults:3)
  A golden dragon (Depths:3)
  Arachne (Spider:3)
  Jorgrun (D:15)
  Mlioglotl (Spider:4)
  Asterion (Vaults:2)
  3 tentacled monstrosities (Vaults:5)
  A deep elf master archer (Elf:3)
  2 liches
  5 titans (Vaults:5)
  2 deep elf blademasters (Elf:3)
  3 sphinxes
  A quicksilver dragon (Vaults:5)
  Gastronok (D:10)
  2 shadow dragons
  Kirke (Shoals:1)
  4 storm dragons
  6 tengu reavers
  10 fire giants
  An iron dragon (Vaults:5)
  An imperial myrmidon (Desolation)
  3 ghost moths (Spider:4)
  Louise (Spider:2)
  Aizul (Vaults:3)
  16 vault wardens
  An orc warlord (Vaults:4)
  8 frost giants
  4 deep elf elementalists
  9 deep elf sorcerers
  A balrug (Depths:1)
  4 very ugly things
  5 emperor scorpions
  15 ironbound preservers
  3 war gargoyles (Vaults:3)
  10 stone giants
  A vampire knight (Depths:3)
  10 deep elf demonologists
  4 dire elephants
  7 entropy weavers
  8 deep elf annihilators
  4 spark wasps
  A halazid warlock (Desolation)
  4 merfolk javelineers (Shoals:4)
  A crystal guardian (Vaults:3)
  4 deep elf death magi
  7 ettins
  The ghost of Nukhlida the Arsonist, a journeyman DEFE of Vehumet (D:15)
  Snorg (D:10)
  3 merfolk impalers
  8 deep elf high priests
  5 servants of whispers (Desolation)
  2 fire dragons
  3 great orbs of eyes
  A ragged hierophant (Desolation)
  Fannar (D:12)
  6 yaktaur captains
  7 hydras
  7 ironbound thunderhulks
  A rakshasa (Depths:3)
  11 peacekeepers
  A salamander tyrant (Depths:1)
  2 spriggan air magi
  6 ironbound frosthearts
  30 vault guards
  2 catoblepae
  4 ice dragons
  Erica (D:10)
  A boulder beetle (D:13)
  An alligator snapping turtle (Shoals:2)
  2 ogre magi
  13 centaur warriors
  3 death knights
  11 two-headed ogres
  5 merfolk aquamancers
  13 dancing weapons
  8 death scarabs (Spider:4)
  3 deep troll earth magi
  7 hell hogs (Depths:2)
  7 tengu warriors
  3 deep troll shamans
  4 thrashing horrors (Lair:6)
  A vampire mage (D:15)
  2 spriggan berserkers (Depths:3)
  Urug (D:11)
  Nergalle (D:12)
  16 deep elf knights
  2 orc high priests (Vaults:4)
  A soul eater (Depths:2)
  Sonja (D:10)
  8 hell knights
  5 sun demons
  A spectral emperor scorpion (Spider:4)
  A salamander mystic (Depths:2)
  A skeletal warrior (D:15)
  3 iron trolls
  2 glowing orange brains
  3 sea snakes
  A deep troll (shapeshifter) (Vaults:3)
  41 deep trolls
  A sea snake (shapeshifter) (Depths:2)
  20 ironbound convokers
  An obsidian statue (D:15)
  A swamp dragon (shapeshifter) (Elf:3)
  6 lindwurms
  7 wizards
  4 phantasmal warriors (Vaults:5)
  13 deep elf archers
  6 orc knights
  29 harpies
  2 necromancers (Depths:3)
  17 deep elf pyromancers
  9 orb spiders
  2 fauns (shapeshifter)
  9 wolf spiders
  22 deep elf zephyrmancers
  2 orc sorcerers (Orc:2)
  3 spectral wolf spiders (Spider:4)
  18 ugly things
  An oklob plant (Lair:5)
  18 cyclopes
  A cyclops (shapeshifter) (Vaults:5)
  7 salamanders
  6 manticores
  2 black mambas
  5 fauns (Shoals:1)
  4 guardian serpents
  19 vault sentinels
  An elephant (shapeshifter) (Vaults:5)
  5 merfolk sirens
  A molten gargoyle (Lair:4)
  2 smoke demons
  5 water nymphs
  A gargoyle (D:10)
  A torpor snail (Lair:6)
  12 cane toads
  A hellion (Depths:2)
  A spectral redback (Spider:4)
  9 komodo dragons
  A nameless horror (Lair:6)
  An efreet (D:13)
  24 yaktaurs
  8 demonic crawlers
  Psyche (D:9)
  A rime drake (Lair:3)
  A redback zombie (Spider:4)
  6 freezing wraiths
  An ancient zyme (Lair:6)
  2 tengu conjurers
  A queen bee (D:13)
  7 trolls
  3 meliai (D:13)
  17 jumping spiders
  3 polar bears
  3 hornets
  10 wind drakes
  A hornet (shapeshifter) (D:14)
  18 blink frogs
  19 merfolk
  4 snapping turtles
  22 saltlings (Desolation)
  48 slime creatures
  A spectral jumping spider (Spider:4)
  A dream sheep (shapeshifter) (Vaults:5)
  A large abomination (Lair:6)
  2 jumping spider zombies (Spider:4)
  3 spectral tarantellas (Spider:4)
  6 dream sheep
  5 air elementals
  A redback (shapeshifter) (Vaults:5)
  A spriggan (shapeshifter) (Elf:1)
  A tarantella (shapeshifter) (D:13)
  3 wyverns
  3 wraiths
  44 redbacks
  2 shadows
  3 basilisks
  37 yaks
  11 tarantellas
  17 water elementals
  4 fire elementals
  A basilisk (shapeshifter) (Elf:1)
  A steam dragon (D:8)
  12 vampire mosquitoes
  Menkaure (D:7)
  6 wargs
  2 acid dragons
  A spectral hornet (Spider:4)
  11 water moccasins
  An ice beast (D:8)
  A black bear (shapeshifter) (Vaults:5)
  2 black bears
  29 orc warriors
  A necrophage (D:8)
  29 wolves
  3 boggarts (Vaults:4)
  22 ogres
  12 centaurs
  2 small abominations (Lair:6)
  A phantom (D:5)
  2 kobold brigands
  A gnoll sergeant (D:8)
  An earth elemental (Elf:2)
  17 bullfrogs
  2 water moccasin zombies (D:6)
  A water moccasin skeleton (D:5)
  27 killer bees
  4 wights (D:7)
  6 howler monkeys
  4 electric eels
  A lava snake (D:11)
  2 centaur zombies (D:9)
  5 jellies
  4 hounds
  Crazy Yiuf (D:2)
  14 orc priests
  2 gnoll shamans
  Natasha (thrice) (D:2)
  14 orc wizards
  A hell rat (Lair:3)
  A killer bee zombie (D:7)
  A hound skeleton (D:2)
  Robin (D:2)
  2 howler monkey zombies
  9 gnolls
  8 adders
  4 river rats
  A shadow imp (D:5)
  2 white imps (D:6)
  An ufetubus (D:5)
  3 dart slugs
  68 orcs
  4 endoplasms
  7 giant cockroaches
  9 hobgoblins
  3 jackals (D:2)
  8 quokkas
  18 ball pythons
  9 bats
  3 frilled lizards
  14 goblins
  26 kobolds
  32 rats
  A lurking horror (Depths:1)
  2 pillars of salt (Desolation)
  A tentacle (Shoals:3)
1572 creatures vanquished.

Vanquished Creatures (collateral kills)
  Nikola (Depths:1)
  Rupert (D:13)
  A titan (Vaults:5)
  A quicksilver dragon (Vaults:5)
  A kraken (Shoals:3)
  3 sphinxes
  2 storm dragons
  A tengu reaver (Depths:2)
  A fire giant (D:13)
  2 orc warlords
  2 emperor scorpions (Spider:4)
  4 imperial myrmidons (Desolation)
  5 vault wardens
  A frost giant (Vaults:5)
  A very ugly thing (Vaults:5)
  2 ironbound preservers
  A war gargoyle (D:13)
  A stone giant (Depths:3)
  A deep elf demonologist (Elf:3)
  4 dire elephants
  2 deep elf annihilators
  3 merfolk javelineers
  A deep elf death mage (Elf:1)
  A crystal guardian (Desolation)
  An ettin (D:11)
  A yaktaur captain (D:13)
  9 merfolk impalers
  A deep elf high priest (Elf:1)
  A ragged hierophant (Desolation)
  A fire dragon (Depths:3)
  A great orb of eyes (Depths:1)
  A rakshasa (Depths:2)
  A vault guard (Vaults:4)
  A peacekeeper (Desolation)
  3 ironbound frosthearts
  A spriggan air mage (Depths:1)
  2 hydras
  2 ogre magi (Orc:2)
  4 merfolk avatars
  2 servants of whispers (Desolation)
  6 merfolk aquamancers
  A death knight (D:15)
  11 dancing weapons
  8 two-headed ogres
  6 centaur warriors
  A deep troll earth mage (D:13)
  An alligator snapping turtle (Shoals:2)
  3 orc high priests
  5 deep elf knights
  A golden dragon zombie (D:15)
  3 skeletal warriors
  10 sea snakes
  10 deep trolls
  A deep troll (shapeshifter) (D:13)
  A deep elf archer (Elf:2)
  A lindwurm (Vaults:2)
  2 phantasmal warriors
  A tengu zombie (D:15)
  A wizard (Vaults:4)
  A necromancer (D:15)
  11 harpies
  5 wolf spiders
  7 orc knights
  2 orc sorcerers (Orc:1)
  10 deep elf zephyrmancers
  3 ironbound convokers
  6 fauns (Shoals:1)
  11 deep elf pyromancers
  7 ugly things
  6 orb spiders
  2 moths of wrath
  4 cyclopes
  3 nameless horrors
  3 manticores
  5 vault sentinels
  4 merfolk sirens
  3 guardian serpents (Desolation)
  3 water nymphs
  2 smoke demons (Lair:6)
  A torpor snail (Spider:1)
  6 cane toads
  4 centaur skeletons (D:14)
  A molten gargoyle (Desolation)
  A rime drake (Lair:4)
  8 demonic crawlers
  A komodo dragon (Lair:3)
  A redback zombie (Spider:4)
  2 spectral redbacks (Spider:4)
  A freezing wraith (D:15)
  2 efreet
  6 yaktaurs
  An ancient zyme (Lair:6)
  24 merfolk
  2 spriggan skeletons (D:15)
  A troll (shapeshifter) (Elf:2)
  7 trolls
  10 jumping spiders
  5 wind drakes
  A tarantella zombie (Spider:4)
  A polar bear (Lair:2)
  A spectral tarantella (Spider:4)
  7 blink frogs (Lair:6)
  30 saltlings
  3 hornets (Spider:4)
  A jumping spider zombie (Spider:4)
  A polar bear (shapeshifter) (Lair:6)
  4 dream sheep
  8 snapping turtles
  5 slime creatures
  An air elemental (Shoals:4)
  A tarantella (shapeshifter) (Lair:6)
  6 basilisks
  16 water elementals
  14 tarantellas
  2 wraiths
  21 redbacks
  11 yaks
  A basilisk (shapeshifter) (Lair:6)
  A golden eye (shapeshifter) (Lair:6)
  A hog (Shoals:1)
  A yak (shapeshifter) (D:14)
  A chaos spawn (Lair:6)
  2 water moccasins
  5 wargs
  An acid dragon (D:12)
  7 small abominations (Lair:6)
  2 spectral hornets (Spider:4)
  8 orc warriors
  12 ogres
  4 necrophages (Lair:5)
  A boggart (D:14)
  7 centaurs
  10 wolves
  A kobold brigand (D:14)
  A bullfrog (Lair:1)
  8 orc priests
  5 orc wizards
  14 orcs
  A kobold (D:14)
  3 tentacles (Shoals:3)
561 creatures vanquished.

Vanquished Creatures (others)
  A golden dragon (Depths:1)
  A deep elf knight (Elf:2)
  A basilisk (D:15)
  A floating eye (shapeshifter) (D:15)
  A wolf (D:11)
  An orc wizard (Orc:1)
  An endoplasm (shapeshifter) (D:13)
  33 fungi
  101 plants
  6 tentacles (Shoals:3)
  8 withered plants
155 creatures vanquished.

Grand Total: 2288 creatures vanquished

Notes
Turn   | Place    | Note
-------+----------+-------------------------------------------
     0 | D:1      | Crownlay the Gargoyle Earth Elementalist began the quest
                  | for the Orb.
     0 | D:1      | Reached XP level 1. HP: 10/10 MP: 3/3
   252 | D:1      | Reached XP level 2. HP: 15/15 MP: 0/5
   325 | D:1      | Found Navvoy's Antique Armour Shop.
   526 | D:1      | Found Caet's Book Shoppe.
   766 | D:1      | Found Wuferu's Jewellery Boutique.
  1108 | D:1      | Reached XP level 3. HP: 17/19 MP: 7/7
  1124 | D:1      | Learned a level 3 spell: Stone Arrow
  1395 | D:1      | Found Piakuucucs's General Store.
  1605 | D:2      | Noticed Robin
  1691 | D:2      | Noticed Natasha
  1697 | D:2      | Killed Natasha
  1698 | D:2      | Reached XP level 4. HP: 14/24 MP: 5/9
  1840 | D:2      | Found Soecsaph's General Store.
  1851 | D:2      | Bought a scroll of identify for 20 gold pieces
  1904 | D:2      | Found a runed translucent door.
  1905 | D:2      | Noticed Crazy Yiuf
  1917 | D:2      | Noticed Natasha
  1922 | D:2      | Killed Natasha
  1925 | D:2      | Noticed Natasha
  1932 | D:2      | Killed Natasha
  1933 | D:2      | Reached XP level 5. HP: 20/28 MP: 1/10
  2028 | D:2      | Killed Robin
  2161 | D:2      | Reached skill level 5 in Earth Magic
  2353 | D:2      | Found Bargheesku's Book Boutique.
  2409 | D:2      | Found a faded altar of an unknown god.
  2644 | D:2      | Found Luniq's Book Shoppe.
  2717 | D:2      | Found Voforahi's Armour Emporium.
  3175 | D:2      | Killed Crazy Yiuf
  3176 | D:2      | Reached XP level 6. HP: 32/32 MP: 9/13
  3474 | D:3      | Found Ziewk's Assorted Antiques.
  3571 | D:3      | Found Fyfilo's Antique Armour Shoppe.
  3678 | D:3      | Reached skill level 5 in Spellcasting
  3716 | D:3      | Found Pucounn's Assorted Antiques.
  3779 | D:3      | Found Atelaum's General Store.
  3810 | D:3      | Found Wafuvus's General Store.
  4437 | D:4      | Found a glowing golden altar of the Shining One.
  4794 | D:5      | Entered Level 5 of the Dungeon
  4794 | D:5      | Found a staircase to the Ecumenical Temple.
  4812 | Temple   | Entered the Ecumenical Temple
  4900 | D:5      | Found a shadowy altar of Dithmenos.
  4994 | D:5      | Noticed a water moccasin
  5000 | D:5      | Killed a water moccasin
  5001 | D:5      | Reached XP level 7. HP: 24/36 MP: 9/15
  5695 | D:6      | Noticed a basilisk
  5702 | D:6      | Killed a basilisk
  5703 | D:6      | Reached XP level 8. HP: 41/41 MP: 8/18
  5810 | D:6      | Found a radiant altar of Vehumet.
  5811 | D:6      | Found an opulent altar of Gozag.
  5811 | D:6      | Found a snail-covered altar of Cheibriados.
  5812 | D:6      | Found an ancient bone altar of Kikubaaqudgha.
  5820 | D:6      | Became a worshipper of Vehumet
  6173 | D:6      | Found a glowing drain.
  6181 | Sewer    | Entered a sewer
  6331 | Sewer    | Reached * piety under Vehumet
  6331 | Sewer    | Offered knowledge of Magic Dart by Vehumet.
  6695 | Sewer    | Offered knowledge of Shock by Vehumet.
  6722 | Sewer    | Reached ** piety under Vehumet
  7173 | D:7      | Noticed Menkaure
  7181 | D:7      | Killed Menkaure
  7182 | D:7      | Reached XP level 9. HP: 45/45 MP: 17/21
  7321 | D:7      | HP: 2/45 [centaur/arrow (2)]
  7824 | D:7      | Offered knowledge of Static Discharge by Vehumet.
  8009 | D:7      | Found a burning altar of Makhleb.
  8248 | D:7      | Noticed a purple ugly thing
  8597 | D:8      | Reached skill level 10 in Spellcasting
  8612 | D:7      | Reached *** piety under Vehumet
  8833 | D:8      | Reached skill level 10 in Earth Magic
  8847 | D:8      | Reached XP level 10. HP: 44/50 MP: 16/24
  8896 | D:8      | Found a stormy altar of Qazlal.
  9664 | D:9      | Found a transporter.
  9676 | D:9      | Offered knowledge of Dazzling Flash by Vehumet.
  9784 | D:9      | Found Feanil's Elemental Accessories.
 10060 | D:9      | Found a staircase to the Orcish Mines.
 10072 | D:9      | Reached **** piety under Vehumet
 10269 | D:9      | Found a transporter.
 10288 | D:9      | Found a transporter.
 10303 | D:9      | Noticed Psyche
 10308 | D:9      | Killed Psyche
 10308 | D:9      | Offered knowledge of Lee's Rapid Deconstruction by Vehumet.
 10348 | D:9      | Learned a level 5 spell: Lee's Rapid Deconstruction
 10364 | D:9      | Found a transporter.
 10367 | D:9      | Found a transporter.
 10390 | D:9      | Found a transporter.
 10582 | D:9      | Found a sparkling altar of Nemelex Xobeh.
 10831 | D:10     | Entered Level 10 of the Dungeon
 10840 | D:10     | Noticed Snorg
 10847 | D:10     | Killed Snorg
 10941 | D:10     | Noticed Gastronok
 10965 | D:10     | Killed Gastronok
 10966 | D:10     | Reached XP level 11. HP: 19/54 MP: 12/27
 11280 | D:10     | Noticed Sonja
 11289 | D:10     | Killed Sonja
 11883 | D:10     | Noticed Erica
 11888 | D:10     | Killed Erica
 11889 | D:10     | Reached skill level 5 in Conjurations
 12159 | D:7      | Killed a purple ugly thing
 12533 | D:3      | Bought a transparent buckler for 218 gold pieces
 12533 | D:3      | Identified the +0 buckler of Ethereal Music {Slay+3 Stlth+}
                  | (You bought it in a shop on level 3 of the Dungeon)
 12670 | D:10     | Reached skill level 1 in Shields
 12737 | D:10     | Reached skill level 2 in Shields
 12841 | D:11     | Noticed a cyclops
 12975 | D:11     | Reached skill level 3 in Shields
 12990 | D:11     | Killed a cyclops
 12995 | D:11     | Found a viscous altar of Jiyva.
 13022 | D:11     | Found a staircase to the Lair.
 13028 | D:11     | Reached skill level 4 in Shields
 13168 | D:11     | Noticed a cyclops
 13181 | D:11     | Killed a cyclops
 13190 | D:11     | Noticed a five-headed hydra
 13294 | D:11     | Killed a five-headed hydra
 13304 | D:11     | Noticed a cyclops
 13307 | D:11     | Killed a cyclops
 13450 | D:11     | Reached XP level 12. HP: 59/59 MP: 7/29
 13673 | D:11     | Noticed Urug
 13677 | D:11     | Killed Urug
 13678 | D:11     | Reached skill level 1 in Fighting
 13678 | D:11     | Reached skill level 1 in Summonings
 14173 | D:11     | Reached skill level 10 in Conjurations
 14366 | D:11     | Noticed an ettin
 14369 | D:11     | Reached ***** piety under Vehumet
 14371 | D:11     | Reached skill level 5 in Summonings
 14796 | D:2      | Bought a book of Dangerous Friends for 440 gold pieces
 14804 | D:2      | Learned a level 7 spell: Spellforged Servitor
 14812 | D:2      | Learned a level 7 spell: Orb of Destruction
 15350 | D:11     | Killed an ettin
 15482 | D:11     | Noticed an ettin
 15563 | D:11     | Noticed a fire giant
 15616 | D:11     | Killed a fire giant
 15617 | D:11     | Reached skill level 5 in Fighting
 15745 | D:11     | Found the +10 dark maul {vorpal}
 15754 | D:11     | Identified the +9 battleaxe of Ateiv {vorpal, rElec rC+
                  | Will+}
 15756 | D:11     | Identified the +5 morningstar "Qineot" {venom, rN+ Int+2
                  | Dex+2}
 15758 | D:11     | Identified the +10 war axe "Binud" {drain, Dex+3}
 15796 | D:11     | Identified the +3 scythe "Qexaehau" {flame, rC+ Str+3}
 15904 | Lair:1   | Entered Level 1 of the Lair of Beasts
 15942 | Lair:1   | Reached XP level 13. HP: 59/73 MP: 11/30
 16442 | Lair:1   | Offered knowledge of Iron Shot by Vehumet.
 17100 | Lair:2   | You fall into a shaft and drop 1 floor!
 17659 | Lair:2   | Found a hole to the Spider Nest.
 19896 | Lair:4   | Reached skill level 10 in Summonings
 19902 | Lair:4   | Gained mutation: Your large and strong wings let you fly.
                  | [Gargoyle growth]
 19902 | Lair:4   | Reached XP level 14. HP: 56/84 MP: 23/31
 20199 | Lair:4   | Reached skill level 1 in Evocations
 20539 | Lair:4   | Found a staircase to the Shoals.
 20544 | Lair:4   | Reached skill level 10 in Fighting
 20941 | Lair:4   | Identified 2 scrolls of acquirement
 20943 | Lair:4   | Acquired the amulet of Vaurat {Acrobat +Blink rElec rC+
                  | Will+}
 20945 | Lair:4   | Acquired the +2 tower shield of Nasoe {MP+9 Dex+8}
 21266 | D:2      | Bought a book of Armaments for 468 gold pieces
 21823 | Lair:5   | Offered knowledge of Iskenderun's Mystic Blast by Vehumet.
 22563 | Lair:5   | Found a viscous altar of Jiyva.
 22564 | Lair:5   | Found a staircase to the Slime Pits.
 23039 | Lair:6   | Entered Level 6 of the Lair of Beasts
 23353 | Lair:6   | Reached skill level 5 in Shields
 23753 | Lair:6   | Learned a level 8 spell: Lehudib's Crystal Spear
 23944 | Lair:6   | Identified the +8 quarterstaff "Vyryha" {pain, rCorr Dex+4}
 24910 | Lair:6   | Found a corrupted altar of Lugonu.
 24910 | Lair:6   | Found a one-way gate to the infinite horrors of the Abyss.
 24964 | Lair:6   | Identified the ring "Sesierej" {rF+ Int+6}
 25208 | Orc:1    | Entered Level 1 of the Orcish Mines
 25544 | Orc:2    | Entered Level 2 of the Orcish Mines
 25548 | Orc:2    | Paralysed by an orc sorcerer for 4 turns
 25554 | Orc:2    | Reached skill level 6 in Shields
 25556 | Orc:2    | Reached XP level 15. HP: 81/92 MP: 11/33
 25779 | Orc:2    | Found a staircase to the Elven Halls.
 25802 | Orc:2    | Offered knowledge of Fireball by Vehumet.
 26473 | Orc:2    | Found Banyoth's Assorted Antiques.
 26474 | Orc:2    | Found Renadgh's Assorted Antiques.
 26481 | Orc:2    | Reached skill level 7 in Shields
 26939 | Orc:2    | Reached skill level 8 in Shields
 27470 | Orc:2    | Found Ikhell's Weapon Boutique.
 27472 | Orc:2    | Bought a potion of heal wounds for 125 gold pieces
 27479 | Orc:2    | Found Pacy's Antique Weapon Shoppe.
 28716 | D:12     | Offered knowledge of Eringya's Noxious Bog by Vehumet.
 28717 | D:12     | Reached skill level 9 in Shields
 29234 | D:12     | Found a corrupted altar of Lugonu.
 29241 | D:12     | Got Lugonu's Papyrus of Blows and Bruises
 29312 | D:12     | Noticed Fannar
 29315 | D:12     | Killed Fannar
 29910 | D:12     | Noticed Nergalle
 29919 | D:12     | Killed Nergalle
 30005 | D:12     | Identified the +4 scale mail "Hytiv" {Harm Will++}
 30082 | D:13     | Found a huge runed gate.
 30082 | D:13     | Found a huge runed gate.
 30082 | D:13     | Found a huge runed gate.
 30082 | D:13     | Found a huge runed gate.
 30082 | D:13     | Found a huge runed gate.
 30082 | D:13     | Found a huge runed gate.
 30083 | D:13     | Found a huge runed gate.
 30083 | D:13     | Found a huge runed gate.
 30084 | D:13     | Found a huge runed gate.
 30085 | D:13     | Found a huge runed gate.
 30090 | D:13     | Found a huge runed gate.
 30090 | D:13     | Found a huge runed gate.
 30090 | D:13     | Found a huge runed gate.
 30090 | D:13     | Found a huge runed gate.
 30090 | D:13     | Found a huge runed gate.
 30090 | D:13     | Found a huge runed gate.
 30091 | D:13     | Found a huge runed gate.
 30092 | D:13     | Found a huge runed gate.
 30170 | D:13     | Found Cheibriados's Comfort Zone.
 30170 | D:13     | Found a snail-covered altar of Cheibriados.
 30249 | D:13     | Bought the +3 hat of Pondering {ponderous, Will+ MP+10
                  | Int+5} for 381 gold pieces
 30249 | D:13     | Found the +3 hat of Pondering {ponderous, Will+ MP+10
                  | Int+5}
 30375 | D:13     | Reached skill level 15 in Earth Magic
 30544 | D:13     | Found a huge runed gate.
 30544 | D:13     | Found a huge runed gate.
 30544 | D:13     | Found a huge runed gate.
 30544 | D:13     | Found a huge runed gate.
 30544 | D:13     | Found a huge runed gate.
 30544 | D:13     | Found a huge runed gate.
 30544 | D:13     | Noticed Rupert
 30548 | D:13     | Reached skill level 10 in Shields
 30559 | D:13     | Killed Rupert
 30914 | D:13     | Found a huge runed gate.
 30915 | D:13     | Found a huge runed gate.
 30915 | D:13     | Found a huge runed gate.
 30915 | D:13     | Found a huge runed gate.
 30915 | D:13     | Found a huge runed gate.
 30916 | D:13     | Found a huge runed gate.
 30917 | D:13     | Found a huge runed gate.
 30918 | D:13     | Found a huge runed gate.
 30919 | D:13     | Found a huge runed gate.
 30920 | D:13     | Found a huge runed gate.
 31158 | D:13     | Reached XP level 16. HP: 81/97 MP: 28/34
 31162 | D:13     | Offered knowledge of Irradiate by Vehumet.
 31374 | D:13     | Found a huge runed gate.
 31374 | D:13     | Found a huge runed gate.
 31459 | D:13     | Noticed a shadow dragon
 31459 | D:13     | Noticed a storm dragon
 32193 | D:13     | Reached skill level 11 in Shields
 32439 | D:13     | Killed a shadow dragon
 33024 | D:13     | Reached skill level 15 in Spellcasting
 33202 | D:13     | Killed a storm dragon
 33476 | D:14     | Reached skill level 12 in Shields
 33661 | D:14     | Found a gate to the Vaults.
 34001 | D:14     | Found a blossoming altar of Fedhas.
 34598 | D:15     | Entered Level 15 of the Dungeon
 34939 | D:15     | Upgraded the game from 0.28-a0-861-ge64d6db94f to
                  | 0.28-a0-863-g8cecda6153
 35137 | D:15     | Reached skill level 13 in Shields
 35237 | D:15     | Noticed Jorgrun
 35241 | D:15     | Killed Jorgrun
 35259 | D:15     | Found a staircase to the Depths.
 35909 | D:15     | Offered knowledge of Iskenderun's Battlesphere by Vehumet.
 36155 | D:15     | Found a runed translucent gate.
 36156 | D:15     | Found a runed translucent gate.
 36157 | D:15     | Found an opulent altar of Gozag.
 36157 | D:15     | Found a runed translucent gate.
 36157 | D:15     | Noticed Nukhlida's ghost (journeyman DEFE)
 36158 | D:15     | Found Qoimacuo's Assorted Antiques.
 36292 | D:15     | Killed Nukhlida's ghost
 36293 | D:15     | Reached XP level 17. HP: 83/102 MP: 26/36
 36674 | D:15     | Bought a scroll labelled WAVINU WANIYVVOKIE for 33 gold
                  | pieces
 36674 | D:15     | Bought a scroll labelled WAVINU WANIYVVOKIE for 33 gold
                  | pieces
 36872 | Shoals:1 | Entered Level 1 of the Shoals
 36930 | Shoals:1 | Reached skill level 14 in Shields
 37568 | Shoals:1 | Killed Kirke
 37937 | Shoals:1 | Identified the +3 dagger of the Shimmering Seeker {drain,
                  | rN+}
 38912 | Shoals:2 | Reached skill level 15 in Shields
 39251 | Shoals:2 | Found Oletoah's Specific Store.
 39251 | Shoals:2 | Found Qomu's General Store.
 39261 | Shoals:2 | Bought a scroll of blinking for 82 gold pieces
 39261 | Shoals:2 | Bought a scroll of identify for 22 gold pieces
 39261 | Shoals:2 | Bought a scroll of magic mapping for 38 gold pieces
 39261 | Shoals:2 | Bought a scroll of identify for 22 gold pieces
 40924 | Shoals:3 | Offered knowledge of Ignition by Vehumet.
 41045 | Shoals:3 | Noticed a kraken
 41061 | Shoals:3 | Killed a kraken
 41368 | Shoals:3 | Reached skill level 16 in Shields
 41502 | Shoals:3 | Found a glowing golden altar of the Shining One.
 41692 | Shoals:3 | Reached XP level 18. HP: 108/108 MP: 33/38
 42099 | Shoals:4 | Entered Level 4 of the Shoals
 42515 | Shoals:4 | Paralysed by an air elemental for 1 turns
 42517 | Shoals:4 | Identified the +2 glaive of Toith {freeze, rF+ Str+8 Int-4}
 42517 | Shoals:4 | Identified the amulet of Vilabuoq {Acrobat Rampage rF+ rC+
                  | Dex-4}
 42518 | Shoals:4 | Paralysed by an air elemental for 1 turns
 42521 | Shoals:4 | Paralysed by an air elemental for 1 turns
 42540 | Shoals:4 | Paralysed by an air elemental for 1 turns
 43087 | Shoals:4 | Reached ****** piety under Vehumet
 43092 | Shoals:4 | Reached skill level 17 in Shields
 44021 | Shoals:4 | Got a barnacled rune of Zot
 44667 | Spider:1 | Entered Level 1 of the Spider Nest
 45132 | Lair:2   | Reached skill level 18 in Shields
 45132 | Lair:2   | Reached XP level 19. HP: 119/119 MP: 38/39
 45490 | Elf:1    | Entered Level 1 of the Elven Halls
 45634 | Elf:1    | Offered knowledge of Shatter by Vehumet.
 45634 | Elf:1    | Offered knowledge of Chain Lightning by Vehumet.
 45634 | Elf:1    | Offered knowledge of Polar Vortex by Vehumet.
 45635 | Elf:1    | Found a crumbling gateway.
 45645 | Elf:1    | Learned a level 9 spell: Shatter
 45652 | Desolati | Entered the Desolation of Salt
 45902 | Desolati | Reached XP level 20. HP: 127/127 MP: 40/40
 45990 | Desolati | Identified the +6 arbalest of Jeot Dyiss {freeze, rF- rC++
                  | Str+3}
 46071 | Desolati | Identified the amulet of Erhinuam {Acrobat Will++}
 46074 | Desolati | Identified the amulet of Guasyfap {Reflect rF+ rN+ Str+4
                  | SH+5}
 46214 | Desolati | Reached skill level 15 in Fighting
 46216 | Desolati | Identified the ring of Nysicw {Drain rN+ Will+++ rCorr
                  | Int+3}
 46333 | Desolati | Identified the +4 morningstar "Perr" {venom, MP+9 SInv}
 46335 | Desolati | Identified the +1 halberd "Kioloaf" {venom, Dex+4}
 46345 | Desolati | Identified the +9 short sword of Ubeirph {vamp, rF+}
 46428 | Desolati | Identified the +7 spear of Ivoazxe {chaos, rC+}
 46429 | Desolati | Identified the +1 fire dragon scales of Zipreb {rF++ rC-
                  | rCorr}
 46431 | Desolati | Identified the +10 shadow dragon scales of the Hall of
                  | Blades {Slay+2 Stlth++++}
 46558 | Desolati | Reached skill level 19 in Shields
 48228 | Elf:2    | Found a runed translucent gate.
 48229 | Elf:2    | Found a runed translucent gate.
 48229 | Elf:2    | Found a runed translucent gate.
 49059 | Elf:2    | Found Reuche's Jewellery Emporium.
 49059 | Elf:2    | Found Siwad's Book Boutique.
 49060 | Elf:2    | Found Yritwiumn's Book Boutique.
 49123 | Elf:2    | Found Kesm's Weapon Shop.
 50138 | Elf:3    | Entered Level 3 of the Elven Halls
 50586 | Elf:3    | Found Kacegraf's General Store.
 50590 | Elf:3    | Found Puini's Antique Weapon Emporium.
 50591 | Elf:3    | Found Fonox's Weapon Shoppe.
 50605 | Elf:3    | Reached XP level 21. HP: 127/134 MP: 42/42
 50882 | Elf:3    | Got the Collected Works on Flamy Toxins
 50898 | Elf:3    | Got the Disquisition on Glacial Flames
 50930 | Elf:3    | Identified the +8 spear "Crownlay's Death" {venom, Fly
                  | Int+4}
 51017 | Elf:3    | Identified the +0 ring mail of Hopscotch {Dex+4}
 51108 | Elf:3    | Got the Catalogue of the Many Spines
 51984 | Spider:2 | Noticed Louise
 51988 | Spider:2 | Killed Louise
 52600 | Spider:3 | Noticed Arachne
 52604 | Spider:3 | Killed Arachne
 52605 | Spider:3 | Reached skill level 20 in Shields
 53087 | Spider:4 | Entered Level 4 of the Spider Nest
 53087 | Spider:4 | Noticed Mlioglotl
 53089 | Spider:4 | Killed Mlioglotl
 54245 | Spider:4 | Reached XP level 22. HP: 140/140 MP: 35/44
 54949 | Spider:4 | Identified the +0 robe "Vaaferie" {Dex+3}
 54961 | Spider:4 | Got a gossamer rune of Zot
 55411 | Vaults:1 | Entered Level 1 of the Vaults
 56631 | Vaults:1 | Reached skill level 21 in Shields
 57377 | Vaults:1 | Found Zyuk's Weapon Boutique.
 57556 | Vaults:2 | Found a portal to a secret trove of treasure.
 57631 | Vaults:2 | Noticed Asterion
 57633 | Vaults:2 | Killed Asterion
 58677 | Vaults:2 | Reached skill level 22 in Shields
 59053 | Vaults:2 | Reached XP level 23. HP: 144/144 MP: 47/47
 59543 | Vaults:3 | Noticed Saint Roka
 59552 | Vaults:3 | Killed Saint Roka
 59933 | Vaults:3 | Reached skill level 23 in Shields
 60006 | Vaults:3 | Identified the +0 robe of Feral Intercession {rElec rF++
                  | rCorr Dex-4}
 60174 | Vaults:3 | Noticed Aizul
 60180 | Vaults:3 | Killed Aizul
 60647 | Vaults:3 | Found a staircase to the Crypt.
 60647 | Vaults:3 | Found an ancient bone altar of Kikubaaqudgha.
 60648 | Vaults:3 | Found a basalt altar of Yredelemnul.
 61315 | Vaults:4 | Found Fixu's Magic Scroll Shop.
 61323 | Vaults:4 | Bought a scroll of amnesia for 66 gold pieces
 61323 | Vaults:4 | Bought a scroll of teleportation for 57 gold pieces
 61655 | Vaults:4 | Reached skill level 24 in Shields
 62532 | Vaults:4 | Reached skill level 25 in Shields
 62823 | Vaults:4 | Noticed Boris
 62825 | Vaults:4 | Killed Boris
 63221 | Vaults:5 | Entered Level 5 of the Vaults
 63223 | Vaults:5 | Reached XP level 24. HP: 151/151 MP: 47/47
 63245 | Vaults:5 | Noticed a dread lich
 63247 | Vaults:5 | Killed a dread lich
 63840 | Vaults:5 | Noticed an ancient lich
 63843 | Vaults:5 | Killed an ancient lich
 63931 | Vaults:5 | Identified the +9 scimitar of Nirphe {chaos, Dex+4}
 63952 | Vaults:5 | Noticed Xtahua
 63958 | Vaults:5 | Killed Xtahua
 64081 | Vaults:5 | Noticed Bai Suzhen
 64086 | Vaults:5 | Killed Bai Suzhen
 64159 | Vaults:5 | Reached XP level 25. HP: 144/165 MP: 47/47
 64765 | Vaults:5 | Identified the +6 halberd of Quiveci {chaos, rElec Dex+4}
 64808 | Vaults:5 | Got the Incunabulum of the Seven Demons
 65034 | Vaults:5 | Got a silver rune of Zot
 65127 | Vaults:5 | Got Sif Muna's Incunabulum of Stones and Moulding
 65535 | Depths:1 | Entered Level 1 of the Depths
 65655 | Depths:1 | Found a corrupted altar of Lugonu.
 65717 | Depths:1 | Noticed Nikola
 65726 | Depths:1 | Killed Nikola
 65976 | Depths:1 | Found a gateway to Hell.
 66727 | Depths:2 | Found a one-way gate leading to the halls of Pandemonium.
 67119 | Depths:2 | You are sucked into a shaft and drop 1 floor!
 67841 | Depths:3 | Noticed Boris
 67844 | Depths:3 | Killed Boris
 67871 | Depths:3 | Noticed a juggernaut
 67871 | Depths:3 | Identified the +3 lajatang "Sujiub" {drain, rF+ Int+4
                  | Dex-5}
 67871 | Depths:3 | HP: 1/168 [quicksilver dragon/bolt of dispelling energy
                  | (25)]
 67871 | Depths:3 | Killed from afar by a fire giant

Illustrated notes

Levels and vault maps discovered:
D:1:      dpeg_arrival_snail, layout_loops_corners, serial_shops,
          nicolae_shop_hallway_stairs, shop_fountains, shop,
          nicolae_shop_behind_doors
D:2:      minmay_diamond_boxcup, layout_loops_cross,
          ebering_ecumenical_altar_mist, serial_shops, shop, nicolae_shop_stone,
          nicolae_shop_waterfront, nicolae_shop_trees, uniq_natasha, uniq_robin,
          uniq_crazy_yiuf_cottage
D:3:      wad_woods_tower, layout_rooms, serial_shops, shop,
          nicolae_shop_hallway_stairs, nicolae_shop_statue_plus, shop, shop,
          hex_tiny
D:4:      layout_basic, nicolae_tso_carved_into_rock
D:5:      layout_rooms, mainiacjoe_overflow_small_starburst,
          minmay_temple_entry_slanted
D:6:      layout_rooms, chequers_temple_overflow_statue_of_worship,
          portal_sewer_entry_e
D:7:      layout_loops_ring, bloody_makhleb, grunt_ministairs_4, uniq_menkaure
D:8:      layout_basic, serial_rivers, chequers_serial_rivers_small_a,
          chequers_serial_rivers_large_a, chequers_serial_rivers_room_b,
          chequers_serial_rivers_small_a, minmay_ruined_shrine
D:9:      layout_cave_pools, mainiacjoe_overflow_alcove_4, david_orc_5,
          nicolae_elemental_shop, serial_nicolae_subway,
          nicolae_sub_station_crystal, nicolae_sub_station_stone,
          nicolae_sub_station_metal, uniq_psyche
D:10:     layout_small_grid, ebering_dispersal_statue_hall, uniq_sonja,
          uniq_gastronok, uniq_snorg, uniq_erica
D:11:     giant_chief_lemuel, layout_irregular_city, erik_lair_island,
          jiyva_altar_1, uniq_urug
D:12:     layout_loops_cross, tgw_lugonu_bribe, uniq_nergalle, uniq_fannar
D:13:     layout_roguey [special_room_bee], minmay_shop_chei, door_vault,
          uniq_rupert
D:14:     layout_loops_ring, hangedman_vaults_entry_quadrant_bands,
          fedhas_altar_2
D:15:     gammafunk_depths_entry_grave, layout_cave_pools, ebering_ghost_gozag,
          uniq_jorgrun
Temple:   eino_temple_lava
Lair:1:   layout_cave_pods, infiniplex_staircase_pool
Lair:2:   layout_roguey, spider_nest_entry_funnel_web
Lair:3:   layout_loops_ring, small_statue_intersection,
          chequers_serial_rivers_marsh, beast_lair_carwin_1, lemuel_fruit_tree,
          grunt_megastairs_2, infiniplex_staircase_pool_2
Lair:4:   layout_gridlike, elwin_shoals_entry_rooms, serial_bayou_crossing,
          grunt_megastairs_1
Lair:5:   layout_layer_cave, slime_altar_1, chequers_serial_rivers_micro_a,
          roderic_carrion_pond
Lair:6:   hellmonk_lair_end_abyssal_woods, layout_cave_pods
Shoals:1: layout_shoals, uniq_kirke
Shoals:2: cheibrodos_shoals_epimethial_gifts, layout_shoals,
          nicolae_shoals_circle_sea_wall,
          nicolae_shoals_lost_giant_amphitheater, nicolae_shoals_seven_spires,
          nicolae_specific_store, nicolae_shoals_so_close
Shoals:3: layout_shoals, lemuel_centaur_altar
Shoals:4: shoals_end_hellmonk_storm_palace [storm_palace_center_circular,
          storm_palace_corner_blocked, storm_palace_corner_narrow,
          storm_palace_corner_narrow, storm_palace_corner_reverse_hut]
Spider:1: layout_spider_delve
Spider:2: layout_spider_delve, uniq_louise
Spider:3: layout_spider_delve, uniq_arachne
Spider:4: floodkiller_spider_rune_tomb, nicolae_crawler_farm, uniq_mlioglotl
Orc:1:    layout_caves, mines_bat_river
Orc:2:    st_orc_open, layout_caves, basic_altar
Elf:1:    elf_arrival_001, layout_loops_corners,
          portal_desolation_entry_nicolae_nacl, hangedman_elf_represent,
          st_stairs_1
Elf:2:    nicolae_elf_blades_crystal_corner, layout_geoelf_diagonals,
          serial_shops, nicolae_shop_temple_entry_statues_fountains,
          amcnicky_mini_rare_corridor_liquid,
          nicolae_concentric_dashed_squares_mild, grunt_ministairs_13,
          minmay_shop_grove
Elf:3:    minmay_elf_hall_not_hex, layout_geoelf_octagon, fountainhead,
          minmay_shop_star
Vaults:1: v_misc_25, nicolae_vaults_network_square,
          nicolae_vaults_disjoint_gnomons, ontoclasm_vaults_chip,
          nicolae_vaults_network_star, hangedman_vaults_corner_blocks,
          v_rooms_3, v_alt_pattern_5, nicolae_vaults_little_squares_5,
          v_misc_17, v_misc_24, layout_vaults_omnibox, serial_shops,
          nicolae_shop_window_shopping
Vaults:2: ontoclasm_vaults_idyll, v_pattern_4, nicolae_vaults_theta,
          v_alt_pattern_4, v_misc_30, vaults_standard_mumra_lines,
          vaults_room_grid, nicolae_vaults_what_the_h, serial_ice_b,
          layout_vaults_omnigrid, enter_trove_1, uniq_asterion
Vaults:3: v_misc_14, minmay_crypt_entry_necro_gods, hangedman_vaults_stream,
          v_alt_pattern_2, st_more_cells, v_alt_pattern_6, v_misc_13,
          nicolae_vaults_little_squares_1, hangedman_vaults_stretched_pinwheel,
          ontoclasm_vaults_twist, v_misc_19, vaults_mumra_chevron,
          vaults_room_ringed_pool, vaults_dpeg_ring, layout_vaults_big_room,
          uniq_aizul, uniq_saint_roka
Vaults:4: nicolae_vaults_border_crossing, special_room_vaults
          [special_room_orc], ontoclasm_vaults_gateway, vaults_room_door_ring,
          ontoclasm_vaults_shuriken, nicolae_vaults_network_barrier,
          nicolae_vaults_network_periphery, hangedman_vaults_corner_blocks,
          hangedman_vaults_slice, nicolae_vaults_big_ls,
          hangedman_vaults_variations, layout_vaults_big_cross, serial_shops,
          shop_scrolls, uniq_boris
Vaults:5: uniq_bai_suzhen, uniq_xtahua
Depths:1: layout_cave_pools, lightli_too_deep, grunt_decor_mini_mirrors,
          amcnicky_altar_lugonu_corruption, infiniplex_staircase_pool_lava,
          uniq_nikola
Depths:2: minmay_glassy_protrusions, layout_basic, hellmouth_3, pan_entry,
          amcnicky_mini_pool_small, statue_in_the_mist_lemuel,
          infiniplex_staircase_pillars_2
Depths:3: gammafunk_depths_water_palace, layout_basic, enter_ziggurat_c,
          abyss_entry_small_statue_room, grunt_decor_junction, hell_entry

Skill      XL: |  1  2  3  4  5  6  7  8  9 10 11 12 13 14 15 16 17 18 19 20 21 22 23 24 25 |
---------------+----------------------------------------------------------------------------+-----
Earth Magic    | 4 5 6 7 8 10 11 13 15 16 17 19 20 21 24 | 24.6
Spellcasting   | 3 4 5 6 8 10 12 13 14 15 16 17 18 20 | 20.0
Conjurations   | 3 8 10 11 12 13 14 | 14.0
Shields        | 4 6 10 13 16 18 19 20 22 25 | 25.0
Fighting       | 5 8 10 13 14 15 19 20 | 20.0
Summonings     | 6 10 | 10.0
Evocations     | 3 |  3.3
Dodging        | |  1.5
Stealth        | |  2.1
Transmutations | |  0.7

Action                   |  1- 3 |  4- 6 |  7- 9 | 10-12 | 13-15 | 16-18 | 19-21 | 22-24 | 25-27 || total
-------------------------+-------+-------+-------+-------+-------+-------+-------+-------+-------++-------
Melee: Dagger            |    44 |    21 |       |       |       |       |       |       |       ||    65
       Unarmed           |     2 |       |       |       |       |       |       |       |       ||     2
       Trident           |       |    15 |    15 |     6 |       |       |       |       |       ||    36
       Morningstar       |       |       |       |     2 |    28 |    12 |    16 |    26 |       ||    84
 Cast: Sandblast         |    22 |    99 |   192 |    99 |   315 |    15 |     5 |       |       ||   747
       Stone Arrow       |       |       |    22 |   115 |   251 |   145 |     2 |     4 |     5 ||   544
       Lee's Rapid Decon |       |       |       |    43 |    28 |    54 |    77 |    65 |    22 ||   289
       Spellforged Servi |       |       |       |     9 |    55 |   118 |    65 |    45 |     9 ||   301
       Orb of Destructio |       |       |       |     3 |    40 |    79 |    12 |     6 |       ||   140
       Lehudib's Crystal |       |       |       |       |     1 |    59 |   110 |   159 |    42 ||   371
       Shatter           |       |       |       |       |       |       |    25 |   104 |    52 ||   181
Evoke: Wand              |       |       |       |    15 |     2 |     3 |       |       |       ||    20
  Use: Scroll            |       |     2 |     4 |     5 |    16 |    13 |     1 |       |     4 ||    45
       Potion            |       |       |     1 |       |     1 |     9 |       |       |     1 ||    12
 Stab: Sleeping          |     4 |     4 |     1 |       |       |       |       |       |       ||     9
       Distracted        |       |       |       |       |     2 |       |       |     1 |       ||     3
Armor: Robe              |    17 |    16 |    36 |    55 |   172 |    96 |    39 |    89 |     8 ||   528
Dodge: Dodged            |    28 |    32 |    69 |    55 |   318 |   248 |    53 |    69 |    10 ||   882
       Repelled          |       |       |     2 |     3 |     3 |    10 |     3 |     4 |     2 ||    27
Block: Buckler           |       |       |       |     2 |   117 |   105 |    82 |    88 |       ||   394
       Reflection        |       |       |       |       |       |       |    19 |    38 |    11 ||    68
       Tower shield      |       |       |       |       |       |       |       |    52 |    36 ||    88

Table legend: (Time is in decaauts)
 A = Elapsed time spent in this place.
 B = Non-inter-level travel time spent in this place.
 C = Inter-level travel time spent in this place.
 D = Time resting spent in this place.
 E = Time spent auto-exploring this place.
 F = Levels seen in this place.
 G = Mean time per level.
                   A        B        C        D        E       F      G
               +--------+--------+--------+--------+--------+-----+--------+
         Total |  69751 |  65054 |   4697 |   6045 |  45967 |  45 | 1550.0 |
       Dungeon |  24641 |  21917 |   2724 |   1900 |  16019 |  15 | 1642.7 |
        Temple |     64 |     54 |     10 |      0 |     47 |   1 |   64.0 |
          Lair |   9446 |   8578 |    868 |    779 |   6188 |   6 | 1574.3 |
        Shoals |   7812 |   7592 |    220 |   1538 |   4300 |   4 | 1953.0 |
   Spider Nest |   4081 |   3896 |    185 |    446 |   2552 |   4 | 1020.2 |
  Orcish Mines |   3340 |   3175 |    165 |    339 |   2014 |   2 | 1670.0 |
   Elven Halls |   5447 |   5262 |    185 |    543 |   3571 |   3 | 1815.7 |
        Vaults |  10566 |  10274 |    292 |    169 |   8436 |   5 | 2113.2 |
        Depths |   2452 |   2406 |     46 |      0 |   2046 |   3 |  817.3 |
         Sewer |    704 |    704 |      0 |      0 |    550 |   1 |  704.0 |
    Desolation |   1194 |   1194 |      0 |    331 |    242 |   1 | 1194.0 |
               +--------+--------+--------+--------+--------+-----+--------+

Top non-repeatable levels by time:
    D:13: 2889 daAuts
Vaults:4: 2687 daAuts
    D:11: 2561 daAuts
Vaults:1: 2233 daAuts
   Elf:2: 2230 daAuts
Shoals:1: 2158 daAuts
Shoals:3: 2125 daAuts
Spider:4: 2080 daAuts
  Lair:6: 2049 daAuts
    D:10: 2008 daAuts
Shoals:4: 1980 daAuts
Vaults:2: 1961 daAuts
   Orc:2: 1960 daAuts
    D:14: 1928 daAuts
  Lair:2: 1880 daAuts
